 Dungeon Crawl Stone Soup version 0.31.0-12-g77e489cdc1 (webtiles) character file.

Game seed: 8395956983887752589

247 Peloso the Covered (level 5, -1/42 HPs)
             Began as a Minotaur Fighter on Mar 5, 2024.
             Slain by an iguana (5 damage)
             ... on level 3 of the Dungeon.
             The game lasted 00:03:37 (2326 turns).

Peloso the Covered (Minotaur Fighter)               Turns: 2326, Time: 00:03:38

Health: -1/42      AC:  8    Str: 20    XL:     5   Next: 85%
Magic:  4/4        EV: 10    Int:  5    God:
Gold:   75         SH:  5    Dex: 12    Spells: 4/4 levels left

rFire   . . .        a - +0 long sword
rCold   . . .        d - +0 buckler
rNeg    . . .        b - +0 scale mail
rPois   .            (helmet restricted)
rElec   .            (no cloak)
rCorr   .            c - +0 pair of gloves
SInv    .            (no boots)
Will    .....        (no amulet) Stlth
                     (no ring)
HPRegen 0.27/turn    (no ring)
MPRegen 0.09/turn

%: no passive effects
@: no status effects
A: horns 2, retaliatory headbutt, talons 1, frail 1
a: no special abilities


You were on level 3 of the Dungeon.
You visited 1 branch of the dungeon, and saw 3 of its levels.

You collected 75 gold pieces.

Inventory:

Hand Weapons
 a - a +0 long sword (weapon)
Armour
 b - a +0 scale mail (worn)
 c - a +0 pair of gloves (worn)
 d - a +0 buckler (worn)
Wands
 f - a wand of mindburst (14)
 j - a wand of digging (6)
Scrolls
 e - a scroll of teleportation
 h - 3 scrolls of noise
 m - a scroll of blinking
Potions
 g - a potion of lignification {unknown}
 k - 2 potions of might


   Skills:
 + Level 4.6 Fighting
 + Level 4.6 Long Blades
 + Level 5.5 Armour
 + Level 1.5 Dodging
 + Level 0.4 Stealth
 + Level 3.9 Shields


You had 4 spell levels left.
You didn't know any spells.
Your spell library contained the following spells:

 Spells                   Type           Power      Damage    Failure   Level
 Sandblast                Erth           0%         2d4       87%         1
 Passwall                 Erth           0%         N/A       99%         3
 Stone Arrow              Conj/Erth      0%         3d7       99%         3
 Brom's Barrelling Bould  Conj/Erth      0%         2d3       100%        4


Dungeon Overview and Level Annotations

Branches:
Dungeon (3/15)

Altars:
Ashenzari


Innate Abilities, Weirdness & Mutations

You have a pair of horns on your head.
You reflexively headbutt those who attack you in melee.
You have sharp toenails.
You are frail. (-10% HP)


Message History

You hit the orc. Your kick misses the orc.
The orc is moderately wounded.
The iguana bites you! The orc hits you with a +0 whip. The rat bites you.
You block the iguana's attack. The orc closely misses you.
The rat barely misses you.
You hit the orc.
You kill the orc!
The rat misses you. You block the iguana's attack.
You closely miss the orc. Your kick misses the orc.
Your headbutt misses the orc. The iguana bites you!
* * * LOW HITPOINT WARNING * * *
The rat bites you.
* * * LOW HITPOINT WARNING * * *
The orc hits you with a +0 club.
* * * LOW HITPOINT WARNING * * *
You hit the orc but do no damage. Your kick misses the orc.
You headbutt the orc.
The orc is heavily wounded.
The iguana barely misses you. The orc barely misses you.
You furiously retaliate!
You headbutt the orc. The rat misses you.
Unknown command.
You slash the orc!
You kill the orc!
The iguana closely misses you. You block the rat's attack.
You closely miss the orc. You claw the orc.
The orc is severely wounded.
The iguana bites you but does no damage.
The orc hits you but does no damage. You block the rat's attack.
The rat bites you but does no damage. The iguana bites you.
* * * LOW HITPOINT WARNING * * *
The orc barely misses you. You furiously retaliate!
You headbutt the orc.
You kill the orc!
Found a pair of boots.
You block the endoplasm's attack. You block the iguana's attack.
The rat closely misses you.
Items here: ))) [ ††.
Unknown command.
You hit the endoplasm. You claw the endoplasm.
You kill the endoplasm!
The iguana bites you.
You die...

.# #.#.# .# # .# #.#.# .
.# .# #[ #. .# .. .. .#
.###. . .####### ... ..
^......# #.# #.#
######.########l##...#.#
#.........)@..?....
##########r###.##.# #...
#####


You could see an iguana and a rat.

Vanquished Creatures
  Ijyb (D:3)
  2 orc wizards (D:3)
  An iguana (D:3)
  4 gnolls
  4 adders
  2 ribbon worms (D:2)
  A dart slug (D:2)
  8 orcs (D:3)
  2 bats (D:1)
  9 endoplasms
  4 giant cockroaches (D:1)
  6 goblins
  4 hobgoblins
  4 kobolds
  A quokka (D:2)
  3 ball pythons
  A frilled lizard (D:3)
  3 rats
60 creatures vanquished.

Notes
Turn   | Place    | Note
-------+----------+-------------------------------------------
     0 | D:1      | Peloso the Minotaur Fighter began the quest for the Orb.
     0 | D:1      | Reached XP level 1. HP: 19/19 MP: 0/0
   151 | D:1      | Reached XP level 2. HP: 27/27 MP: 1/1
   308 | D:1      | Found a faded altar of an unknown god.
   546 | D:1      | Reached skill level 4 in Armour
   546 | D:1      | Reached XP level 3. HP: 31/34 MP: 2/2
   851 | D:2      | Reached skill level 1 in Dodging
  1161 | D:2      | Reached XP level 4. HP: 35/41 MP: 3/3
  1458 | D:2      | Reached skill level 5 in Armour
  1602 | D:3      | Gained mutation: You passively dampen the noise of your
                  | surroundings. [potion of mutation]
  1602 | D:3      | Gained mutation: You are frail. (-10% HP) [potion of
                  | mutation]
  1602 | D:3      | Lost mutation: You passively dampen the noise of your
                  | surroundings. [potion of mutation]
  1602 | D:3      | Gained mutation: You have sharp toenails. [potion of
                  | mutation]
  1682 | D:3      | Reached XP level 5. HP: 27/42 MP: 4/4
  1783 | D:3      | Noticed Ijyb
  1805 | D:3      | Killed Ijyb
  2178 | D:3      | Found a broken altar of Ashenzari.
  2326 | D:3      | Slain by an iguana

Illustrated notes

Levels and vault maps discovered:
D:1:      wander_arrival_fairy_ring, layout_basic,
          chequers_ecumenical_altar_simple
D:2:      layout_basic
D:3:      layout_loops_ring, mainiacjoe_overflow_alcove_4, minmay_starry_boxes,
          uniq_grinder, uniq_ijyb

Skill      XL: |  1  2  3  4  5 |
---------------+----------------+-----
Fighting       | 4 |  4.6
Armour         | 4 5 |  5.5
Dodging        | 1 |  1.5
Long Blades    | 3 4 |  4.6
Stealth        | |  0.4
Shields        | |  3.9

Action                     |  1- 3 |  4- 6 || total
---------------------------+-------+-------++-------
  Melee: Long sword        |    77 |    83 ||   160
         Headbutt          |    15 |    11 ||    26
         Kick              |       |    20 ||    20
    Use: Scroll            |     1 |     3 ||     4
         Potion            |       |     3 ||     3
 Armour: Scale mail        |    56 |    59 ||   115
  Dodge: Dodged            |    39 |    36 ||    75
  Block: Buckler           |    20 |    23 ||    43
